 Dungeon Crawl Stone Soup version 0.30-a0-726-gd89dcf765f (webtiles) character file.

Game seed: 13295371708655683973

56 hikkokomori the Ducker (level 3, 0/28 HPs)
             Began as a Merfolk Gladiator on Jan 30, 2023.
             Slain by an adder (4 damage)
             ... on level 2 of the Dungeon.
             The game lasted 00:01:36 (1322 turns).

hikkokomori the Ducker (Merfolk Gladiator)          Turns: 1322, Time: 00:01:36

Health: 0/28       AC:  4    Str: 14    XL:     3   Next: 95%
Magic:  3/3        EV: 13    Int:  7    God:
Gold:   63         SH:  0    Dex: 17    Spells: 2/2 levels left

rFire   . . .      SeeInvis .    a - +0 long sword
rCold   . . .      Faith    .    (no shield)
rNeg    . . .      Spirit   .    b - +0 leather armour
rPois   .          Reflect  .    c - +0 helmet
rElec   .          Harm     .    (no cloak)
rCorr   .          Rampage  .    (no gloves)
Will    .....                    (no boots)
Stlth   ++                       (no amulet)
HPRegen 0.24/turn                m - ring of flight
MPRegen 0.08/turn                (no ring)

@: flying
A: (nimble swimmer 2), mertail
a: no special abilities


You were on level 2 of the Dungeon.
You visited 1 branch of the dungeon, and saw 2 of its levels.

You collected 63 gold pieces.

Inventory:

Hand Weapons
 a - a +0 long sword (weapon)
 n - a +1 short sword of protection
Missiles
 d - 3 throwing nets (quivered)
 e - a javelin
Armour
 b - a +0 leather armour (worn)
 c - a +0 helmet (worn)
Jewellery
 m - a ring of flight (left hand)
Scrolls
 f - a scroll of fog {unknown}
 g - a scroll of teleportation {unknown}
 h - a scroll of noise {unknown}
 k - 2 scrolls of identify {unknown}
 o - a scroll of vulnerability {unknown}
Potions
 i - 2 potions of heal wounds {unknown}
 j - a potion of brilliance {unknown}
 l - 2 potions of attraction {unknown}


   Skills:
 + Level 2.9 Fighting
 + Level 4.2 Long Blades
 + Level 2.7 Throwing
 - Level 4.2 Dodging
 + Level 1.3 Stealth


You had 2 spell levels left.
You didn't know any spells.
Your spell library contained the following spells:

 Spells                   Type           Power      Damage    Failure   Level
 Chain Lightning          Conj/Air       0%         N/A       100%        9
 Fire Storm               Conj/Fire      0%         5d1       100%        9
 Shatter                  Erth           0%         3d5*      100%        9


Dungeon Overview and Level Annotations

Branches:
Dungeon (2/15)

Altars:

Shops:
D:1 (


Innate Abilities, Weirdness & Mutations

((You are very nimble when in or above water. (Stealth+, EV+, Speed+++)))
Your lower body shifts to a powerful aquatic tail in water.


Message History

You are too injured to fight recklessly!
You are too injured to fight recklessly!
You are too injured to fight recklessly!
You are too injured to fight recklessly!
You are too injured to fight recklessly!
You are too injured to fight recklessly!
You are too injured to fight recklessly!
You completely miss the endoplasm.
The endoplasm is lightly wounded.
The endoplasm freezes you.
You are frozen.
You hit the endoplasm but do no damage.
The endoplasm is lightly wounded.
The endoplasm barely misses you.
An adder comes into view.
The adder hisses angrily.
You hit the endoplasm.
The endoplasm is severely wounded.
The frilled lizard barely misses you. The endoplasm barely misses you.
You hit the endoplasm.
You kill the endoplasm!
The frilled lizard bites you but does no damage.
The frilled lizard bites you.
* * * LOW HITPOINT WARNING * * *
The frilled lizard attacks as you move away!
The frilled lizard barely misses you.
The frilled lizard attacks as you move away!
The frilled lizard bites you.
* * * LOW HITPOINT WARNING * * *
You hit the frilled lizard.
You kill the frilled lizard!
The adder completely misses you.
You completely miss the adder. The adder closely misses you.
The adder bites you.
* * * LOW HITPOINT WARNING * * *
You miss the adder. The adder barely misses you. x2
You hit the adder.
The adder is moderately wounded.
The adder bites you.
You die...

.# .# #. .##.##
#.## ####......
#... ........#
#..# ........##.
#..#
............#.)#
.......>#
#.#.)########.#
........#
#.#.)S@.(.....#
.......##
#.##.##########
.......#
#.#..)......
.......#
#.#?#.######
...[...# #.#.#.#
...#.######.#.#S#
#..#........#.#.#
..............#.#
#.#############.#


You could see an adder.

Vanquished Creatures
  An adder (D:2)
  A ball python (D:1)
  5 endoplasms
  A giant cockroach (D:2)
  7 goblins
  3 hobgoblins
  7 jackals (D:1)
  A quokka (D:1)
  3 bats (D:1)
  3 frilled lizards
  6 kobolds
  A rat (D:1)
39 creatures vanquished.

Notes
Turn   | Place    | Note
-------+----------+-------------------------------------------
     0 | D:1      | hikkokomori the Merfolk Gladiator began the quest for the
                  | Orb.
     0 | D:1      | Reached XP level 1. HP: 16/16 MP: 1/1
   123 | D:1      | Found Wufinab's Antique Weapon Shop.
   319 | D:1      | Reached XP level 2. HP: 23/23 MP: 2/2
   658 | D:1      | Reached XP level 3. HP: 21/28 MP: 3/3
   760 | D:1      | Reached skill level 1 in Stealth
  1297 | D:2      | Found the +8 trident of the Octopus King {venom, rElec
                  | rPois}
  1322 | D:2      | Slain by an adder

Illustrated notes

Levels and vault maps discovered:
D:1:      dpeg_arrival_round_c, layout_loops_cross, serial_shops, shop,
          serial_co_window_serial, co_window_corner_a, co_window_corner_a,
          co_window_paths_a, co_window_paths_a, co_window_paths_a,
          co_window_of_opportunity_c, co_window_corner_b, co_window_corner_b,
          co_window_broadway_a, co_window_sun, glass_columns_a, glass_columns_a,
          glass_columns_a, glass_columns_a
D:2:      layout_loops_ring, shapermc_ecumenical_altar_ellora

Skill      XL: |  1  2  3 |
---------------+----------+-----
Long Blades    | 4 |  4.2
Stealth        | 1 |  1.3
Fighting       | |  2.9
Throwing       | |  2.7
Dodging        | |  4.2

Action                     || total
---------------------------++-------
  Melee: Long sword        ||   113
 Armour: Leather armour    ||    38
  Dodge: Dodged            ||    90

Table legend: (Time is in decaauts)
 A = Elapsed time spent in this place.
 B = Non-inter-level travel time spent in this place.
 C = Inter-level travel time spent in this place.
 D = Time resting spent in this place.
 E = Time spent auto-exploring this place.
 F = Levels seen in this place.
 G = Mean time per level.
                   A        B        C        D        E       F      G
               +--------+--------+--------+--------+--------+-----+--------+
         Total |   1343 |   1271 |     72 |      0 |    985 |   2 |  671.5 |
       Dungeon |   1343 |   1271 |     72 |      0 |    985 |   2 |  671.5 |
               +--------+--------+--------+--------+--------+-----+--------+

Top non-repeatable levels by time:
     D:1: 1169 daAuts
     D:2: 174 daAuts
